 Dungeon Crawl Stone Soup version 0.29.1-2-gbd0b4ee654 (webtiles) character file.

Game seed: 6122404768755760785

4 xian the Caller (level 1, 0/13 HPs)
             Began as a Demonspawn Summoner on Oct 24, 2022.
             Frozen to death by an endoplasm (5 damage)
             ... on level 1 of the Dungeon.
             The game lasted 00:00:39 (151 turns).

xian the Caller (Demonspawn Summoner)                Turns: 151, Time: 00:00:40

Health: 0/13       AC:  2    Str:  8    XL:     1   Next: 58%
Magic:  1/3        EV: 12    Int: 16    God:
Gold:   11         SH:  0    Dex: 13    Spells: 3/4 levels left

rFire   . . .      SeeInvis .   (no weapon)
rCold   . . .      Faith    .   (no shield)
rNeg    . . .      Spirit   .   a - +0 robe
rPois   .          Reflect  .   (no helmet)
rElec   .          Harm     .   (no cloak)
rCorr   .          Rampage  .   (no gloves)
Will    .....                   (no boots)
Stlth   ++........              (no amulet)
HPRegen 0.04/turn               (no ring)
MPRegen 0.08/turn               (no ring)

@: no status effects
A: no striking features
a: no special abilities


You were on level 1 of the Dungeon.
You visited 1 branch of the dungeon, and saw 1 of its levels.

You collected 11 gold pieces.

Inventory:

Missiles
 c - a throwing net
Armour
 a - a +0 robe (worn)
Scrolls
 d - a scroll of magic mapping {unknown}
Potions
 b - a potion of magic


   Skills:
 + Level 1.7 Dodging
 + Level 1.7 Stealth
 + Level 2.0 Spellcasting
 + Level 4.2 Summonings


You had 3 spell levels left.
You knew the following spells:

 Your Spells              Type           Power      Damage    Failure   Level
a - Summon Small Mammal   Summ           60%        N/A       3%          1

Your spell library contained the following spells:

 Spells                   Type           Power      Damage    Failure   Level
 Call Imp                 Summ           15%        N/A       5%          2
 Call Canine Familiar     Summ           15%        N/A       11%         3
 Summon Guardian Golem    Hex/Summ       8%         N/A       26%         3
 Summon Lightning Spire   Summ/Air       8%         N/A       65%         4


Dungeon Overview and Level Annotations

Branches:
Dungeon (1/15)

Altars:


Message History

The endoplasm is lightly wounded.
Your bat hits the endoplasm.
Your quokka bites the endoplasm.
The endoplasm closely misses you.
You hit the endoplasm.
The endoplasm is almost dead.
Your bat hits the endoplasm but does no damage.
Your quokka bites the endoplasm.
The endoplasm dies!
Found a dagger.
A giant cockroach comes into view.
Found a faded altar of an unknown god.
An endoplasm and a frilled lizard come into view.
Found 2 boomerangs.
The endoplasm quivers.
The endoplasm attacks as you move away! The endoplasm hits you.
You closely miss the giant cockroach.
Your bat hits the endoplasm but does no damage.
The giant cockroach bites you. The endoplasm barely misses you.
You barely miss the giant cockroach.
Your bat hits the endoplasm but does no damage.
Your quokka barely misses the giant cockroach.
The giant cockroach bites you but does no damage.
Your quokka bites the giant cockroach but does no damage.
The endoplasm freezes you.
You are frozen.
Your bat hits the endoplasm. The endoplasm hits you.
Your bat hits the endoplasm but does no damage.
The endoplasm attacks as you move away! The endoplasm closely misses you.
The giant cockroach bites you but does no damage.
Your quokka barely misses the giant cockroach.
The giant cockroach bites you but does no damage.
You hit the endoplasm but do no damage.
The endoplasm is lightly wounded.
Your bat hits the giant cockroach but does no damage.
Your bat barely misses the giant cockroach.
Your quokka bites the giant cockroach but does no damage.
The giant cockroach bites you but does no damage.
The endoplasm freezes you.
You are frozen.
You die...

###.#...# #
#.....# #
###...### ##
#.#...# ####
###.
#.#..###...##
#^#.
#.###...#.(l.
###. #. #⌠b8r.#
## ##.B8.# #
#_#J@.# #
..#∩#⌠#)...# #
#.8..######....
# #..8. .## .
#.#.. . #
#...## #... .#


You could see an endoplasm (ally target), a giant cockroach (ally target), a
friendly quokka (summoned) and a friendly bat (summoned).

Vanquished Creatures (collateral kills)
  2 endoplasms (D:1)
  A hobgoblin (D:1)
  A ball python (D:1)
4 creatures vanquished.

Notes
Turn   | Place    | Note
-------+----------+-------------------------------------------
     0 | D:1      | xian the Demonspawn Summoner began the quest for the Orb.
     0 | D:1      | Reached XP level 1. HP: 13/13 MP: 3/3
     0 | D:1      | Noticed a dwarf
     0 | D:1      | Noticed a vampire
     2 | D:1      | Noticed a minotaur
     4 | D:1      | Noticed a draconian
     7 | D:1      | Noticed an ogre
     9 | D:1      | Noticed a spriggan
    11 | D:1      | Noticed a human
    11 | D:1      | Noticed a tengu
    13 | D:1      | Noticed an ogre
    15 | D:1      | Noticed a naga
    20 | D:1      | Noticed a barachi
   143 | D:1      | Found a faded altar of an unknown god.
   151 | D:1      | Frozen to death by an endoplasm

Illustrated notes

Levels and vault maps discovered:
D:1:      shiori_arrival_whats_in_store_for_you, layout_rooms,
          shapermc_ecumenical_altar_venn

Action                   || total
-------------------------++-------
Melee: Unarmed           ||     6
 Cast: Summon Small Mamm ||     8
Armor: Robe              ||     4
Dodge: Dodged            ||     5
